AoeStats
← MatCool

Four Lakes

509884093Analyzed
1v1 RM · 3d ago on Sep 28, 2026· 46m 43s· 2 players
Game mode
Random Map
Map size
Tiny (2 player)
Population
200
Speed
Normal
Resources
Standard
Victory
Conquest
Starting age
Dark Age
Ending age
Imperial Age
RankedLock teamsTeams togetherTeam positionsShared explorationLock speedFull tech treeHidden civsTurbo modeCheats
Victory
Defeat
🇪🇸 Persians · Spain
819
+14
🇵🇾 Burgundians · Paraguay
767
-14
MatCool
3:05 Loom
10:45 Feudal Age
11:18 Double-Bit Axe
11:16 Horse Collar
17:49 Bow Saw
18:09 Heavy Plow
21:19 Castle Age
19:20 Stone Mining
20:43 Forging
20:40 Scale Barding Armor
21:29 Stone Shaft Mining
20:48 Gold Mining
26:08 Two-Man Saw
26:46 Gold Shaft Mining
30:05 Iron Casting
29:52 Chain Barding Armor
29:36 Husbandry
33:11 Wheelbarrow
39:06 Imperial Age
38:02 Hand Cart
37:34 Town Watch
38:39 Fletching
39:25 Crop Rotation
40:58 Blast Furnace
40:33 Plate Barding Armor
39:55 Bodkin Arrow
41:07 Town Patrol
40:41 Elite Coustillier
41:51 Burgundian Vineyards
42:49 Light Cavalry
43:36 Squires
42:58 Pikeman
43:24 Arson
45:52 Hussar
KAYDYNATOR
3:58 Loom
10:31 Feudal Age
11:08 Double-Bit Axe
14:17 Horse Collar
15:02 Gold Mining
17:21 Wheelbarrow
20:04 Castle Age
21:52 Scale Barding Armor
22:32 Husbandry
22:43 Bloodlines
24:53 Chain Barding Armor
24:43 Forging
27:03 Iron Casting
27:06 Stone Mining
30:18 Gold Shaft Mining
30:21 Stone Shaft Mining
29:49 Heavy Plow
30:02 Bow Saw
31:21 Hand Cart
37:14 Imperial Age
37:27 Heavy Camel Rider
38:54 Plate Barding Armor
39:20 Blast Furnace
38:11 Capped Ram
43:31 Two-Man Saw
43:05 Crop Rotation
43:12 Crop Rotation
44:25 Ballistics
45:07 Chemistry
Connection lost

Rejoining the realm…

Still unreachable

The connection could not be restored.

Session expired

The server has moved on; the page needs a fresh start.